 Dungeon Crawl Stone Soup version 0.19-a0-1732-g0b18a7b (webtiles) character file.

20789 Amnesiac the Carver (level 12, 0/84 HPs)
             Began as a Vampire Enchanter on Sept 30, 2016.
             Was an Initiate of Gozag.
             Slain by a hellwing (10 damage)
             ... on level 2 of the Orcish Mines.
             The game lasted 00:38:22 (15164 turns).

Amnesiac the Carver (Vampire Enchanter)            Turns: 15164, Time: 00:38:22

Health: 0/84       AC: 15    Str:  9    XL:     12   Next: 48%
Magic:  6/18       EV: 17    Int: 18    God:    Gozag
Gold:   2400       SH:  6    Dex: 19    Spells: 4 memorised, 8 levels left

rFire  . . .     SeeInvis +     F - +1 dagger (drain)
rCold  + + .     Gourm    .     n - +3 leather armour of Creativity {rPois rCorr Str+2 Stlth+}
rNeg   + + +     Faith    .     o - +0 buckler
rPois  ∞         Spirit   .     (no helmet)
rElec  .         Dismiss  .     e - +0 cloak
rCorr  +         Reflect  .     p - +0 pair of gloves
MR     +....     Harm     .     c - +2 pair of boots {Stlth+}
Stlth  +++++++++.               (no amulet)
                                E - ring of wizardry
                                g - +4 ring of protection

@: bloodless, non-regenerating
A: fangs 3, see invisible, unbreathing
a: Bat Form, Potion Petition, Call Merchant, Bribe Branch, Renounce Religion


You were on level 2 of the Orcish Mines.
You worshipped Gozag.
Gozag was most pleased with you.
You were bloodless.

You visited 3 branches of the dungeon, and saw 14 of its levels.
You also visited: Labyrinth.

You collected 5088 gold pieces.
You spent 1071 gold pieces at shops.
You paid 1617 gold pieces to Gozag.

Inventory:

Hand Weapons
 z - a +5 blowgun
 F - a +1 dagger of draining (weapon)
 G - a +3 scimitar of flaming
Missiles
 Q - 4 curare-tipped needles
Armour
 c - a +2 pair of boots of stealth (worn)
 e - a +0 cloak (worn)
 i - a +2 robe of resistance
 n - the +3 leather armour of Creativity (worn) {rPois rCorr Str+2 Stlth+}
   (You bought it in a shop on level 1 of the Lair of Beasts)

   It affects your strength (+2).
   It protects you from poison.
   It protects you from acid and corrosion.
   It makes you more stealthy.
 o - a +0 buckler (worn)
 p - a +0 pair of gloves (worn)
 R - a cursed +0 ring mail
Rods
 P - a +6 iron rod (14/14)
   (You found it in a labyrinth)
Jewellery
 d - an uncursed ring of flight
 g - a +4 ring of protection (left hand)
 C - an uncursed ring of fire
 E - a ring of wizardry (right hand)
 K - an uncursed ring of protection from cold
 O - an uncursed ring of poison resistance {unknown}
Wands
 b - a wand of digging (14/24)
 f - a wand of lightning (10/15)
Scrolls
 a - 2 scrolls of amnesia
 h - 2 scrolls of enchant armour
 m - a scroll of magic mapping
 s - 4 scrolls of remove curse
 t - 5 scrolls of teleportation
 u - a scroll of recharging
 M - a scroll of identify
Potions
 j - 3 potions of might {unknown}
 k - a potion of brilliance
 l - a potion of haste
 q - 3 potions of mutation {unknown}
 r - 4 potions of curing {unknown}
 v - 2 potions of agility
 w - a potion of flight {unknown}
 x - 2 potions of ambrosia
 A - a potion of invisibility {unknown}
 B - a potion of heal wounds
 J - 2 potions of cancellation
Books
 H - the Guide on the Helpful Traveller
   (You found it in a labyrinth)

   Spells                             Type                      Level
   a - Shroud of Golubria             Charms/Translocation         2
   b - Portal Projectile              Translocation                3
   c - Haste                          Charms                       6
   d - Dispersal                      Translocation                6
 I - a book of Conjurations

   Spells                             Type                      Level
   a - Magic Dart                     Conjuration                  1
   b - Searing Ray                    Conjuration                  2
   c - Dazzling Spray                 Conjuration/Hexes            3
   d - Fulminant Prism                Conjuration/Hexes            4
   e - Iskenderun's Mystic Blast      Conjuration                  4
   f - Iskenderun's Battlesphere      Conjuration/Charms           5
 L - a book of Dreams

   Spells                             Type                      Level
   a - Ensorcelled Hibernation        Hexes/Ice                    2
   b - Silence                        Hexes/Air                    5
   c - Darkness                       Hexes                        6
   d - Shadow Creatures               Summoning                    6


   Skills:
 + Level 4.5 Fighting
 - Level 1.1(10.1) Short Blades
 - Level 14.0 Long Blades
 - Level 7.5 Dodging
 - Level 12.0 Stealth
 - Level 4.0 Shields
 - Level 4.1 Spellcasting
 - Level 12.4 Hexes


You had 8 spell levels left.
You knew the following spells:

 Your Spells              Type           Power        Failure   Level  Hunger
b - Dazzling Spray        Conj/Hex       ####..       2%          3    ###....
e - Confuse               Hex            #####...     1%          3    ###....
f - Ensorcelled Hibernat  Hex/Ice        ####..       1%          2    ##.....
w - Tukima's Dance        Hex            #####...     1%          3    ###....


Dungeon Overview and Level Annotations

Branches:
Dungeon (11/15)            Temple (0/1) D:7            Lair (1/6) D:11
    Orc (2/2) D:11            Elf (0/3) Orc:2

Altars:
Ashenzari
Dithmenos
Elyvilon
Gozag
Hepliaklqana
Kikubaaqudgha
Okawaru
Qazlal
Sif Muna
Trog
Uskayaw
Vehumet
Xom
The Shining One

Shops:
D:5 !*((   D:10 (   Orc:2 !*?   Lair:1 [


Innate Abilities, Weirdness & Mutations

You do not heal naturally.
You are immune to poison.
You have razor-sharp teeth.
You have supernaturally acute eyesight. (SInv)
You can survive without breathing.


Message History

The orc knight roars a battlecry!
The orc goes into a battle-frenzy!
The hellwing swoops through the air toward you!
The hellwing hits you!
* * * LOW HITPOINT WARNING * * *
The hellwing closely misses you.
You hit the hellwing but do no damage. The orc warrior misses you.
The hellwing barely misses you. You block the hellwing's attack.
Unknown command.
The hellwing hits you.
* * * LOW HITPOINT WARNING * * *
The hellwing barely misses you.
As you read the scroll of fear, it crumbles to dust.
You assume a fearsome visage.
The orc warrior looks frightened!
The orc knight looks frightened!
The orc looks frightened!
The orc warrior looks frightened!
The orc looks frightened!
The orc warrior looks frightened!
The hellwing is unaffected.
The hellwing hits you!
You die...
Your body crumbles into a pile of gold.

*#..................#..###o#
*...............#......#....
##......#.........)##......#
#...............)o).........
#................o..........
#.............o..........#.#
#.....<.....o.o...........##
##..................#.....##
#..........@o..........#....
#..........4........#..##.##
#......<.................#.#
##..........................
#......................#.#.#
#...................#.######
##..##..##...##.##.####
###*###############


You could see an orc knight (fleeing), a hellwing, 3 orc warriors and 2 orcs.

Vanquished Creatures
  A minotaur (Lab)
  Josephine (D:10)
  Erica (D:8)
  A tengu warrior (D:10)
  3 hill giants
  Pikel (D:8)
  An ugly thing (D:11)
  2 cyclopes
  A rust devil (Orc:2)
  2 spiny frogs (Lair:1)
  Joseph (D:10)
  A troll (D:11)
  2 slime creatures (D:8)
  Grinder (D:3)
  3 blink frogs (Lair:1)
  2 hippogriffs
  Sigmund (D:2)
  A shadow (D:6)
  2 wyverns
  7 yaks
  A vampire (D:10)
  4 wraiths
  A steam dragon (D:7)
  2 wargs (Orc:2)
  3 water moccasins (Lair:1)
  A black bear (D:9)
  2 ice beasts
  4 sky beasts
  18 orc warriors
  4 slaves (D:8)
  6 ogres
  2 phantoms
  A wasp (D:7)
  An eye of draining (D:3)
  A necrophage (D:9)
  5 centaurs
  A crocodile (Lair:1)
  7 big kobolds
  A wyvern zombie (D:9)
  10 bullfrogs
  A wyvern skeleton (D:10)
  3 scorpions
  6 wights
  6 killer bees (D:8)
  2 howler monkeys (D:9)
  5 crimson imps
  4 centaur zombies
  A bullfrog zombie (D:5)
  5 human zombies (D:9)
  A jelly (D:6)
  17 orc priests
  Crazy Yiuf (D:2)
  6 hounds
  A bullfrog skeleton (D:4)
  4 centaur skeletons
  A human skeleton (D:9)
  5 iguanas
  Terence (D:2)
  16 orc wizards
  5 worker ants
  A killer bee zombie (D:5)
  4 hound skeletons
  2 hound zombies (D:5)
  4 worker ant zombies
  7 gnolls
  9 adders
  7 river rats (Lair:1)
  4 shadow imps
  2 oozes
  7 adder zombies
  2 adder skeletons
  2 worms
  3 dart slugs
  7 leopard geckos
  75 orcs
  6 bats
  5 giant cockroaches
  9 goblins
  10 hobgoblins
  17 jackals
  7 quokkas
  2 ball pythons
  6 frilled lizards
  A giant cockroach zombie (D:5)
  A jackal skeleton (D:4)
  A jackal zombie (D:5)
  56 kobolds
  2 leopard gecko skeletons
  2 leopard gecko zombies (D:5)
  An orc skeleton (D:9)
  3 orc zombies (D:9)
  3 quokka zombies (D:5)
  11 rats
480 creatures vanquished.

Vanquished Creatures (others)
  A shadow imp (D:8)
1 creature vanquished.

Grand Total: 481 creatures vanquished

Notes
Turn   | Place    | Note
-------+----------+-------------------------------------------
     0 | D:1      | Amnesiac the Vampire Enchanter began the quest for the Orb.
     0 | D:1      | Reached XP level 1. HP: 13/13 MP: 3/3
    83 | D:2      | Found a hazy altar of Hepliaklqana.
    83 | D:2      | Noticed Terence
    92 | D:2      | Killed Terence
    92 | D:2      | Reached skill level 5 in Stealth
    92 | D:2      | Reached skill level 5 in Hexes
    92 | D:2      | Reached XP level 2. HP: 17/19 MP: 5/5
    99 | D:2      | Learned a level 2 spell: Ensorcelled Hibernation
   112 | D:2      | Reached XP level 3. HP: 23/24 MP: 6/6
   118 | D:2      | Learned a level 3 spell: Confuse
   388 | D:4      | Reached XP level 4. HP: 27/30 MP: 0/7
   464 | D:4      | Found an opulent altar of Gozag.
   702 | D:2      | Noticed Sigmund
   725 | D:2      | Killed Sigmund
   725 | D:2      | Reached XP level 5. HP: 35/35 MP: 2/9
   926 | D:2      | Found a runed door.
   948 | D:2      | Found a white marble altar of Elyvilon.
  1533 | D:4      | Became a worshipper of Gozag Ym Sagoz the Greedy
  1896 | D:2      | Reached XP level 6. HP: 35/41 MP: 7/10
  1931 | D:2      | Learned a level 3 spell: Tukima's Dance
  1931 | D:2      | Noticed Crazy Yiuf
  1935 | D:2      | Killed Crazy Yiuf
  2004 | D:3      | Noticed Grinder
  2008 | D:3      | Paralysed by Grinder for 2 turns
  2469 | D:3      | Killed Grinder
  2469 | D:3      | Reached XP level 7. HP: 46/46 MP: 4/11
  2656 | D:3      | Found a bloodstained altar of Trog.
  3080 | D:4      | Reached skill level 5 in Dodging
  3478 | D:4      | Learned a level 3 spell: Dazzling Spray
  3486 | D:4      | Reached XP level 8. HP: 52/52 MP: 10/14
  3571 | D:4      | Reached skill level 1 in Shields
  3778 | D:4      | Found a radiant altar of Vehumet.
  4359 | D:5      | Entered Level 5 of the Dungeon
  4365 | D:5      | Found Orockak's Distillery.
  4398 | D:5      | Found Houlaecwu's Assorted Antiques.
  4895 | D:5      | Found an iron altar of Okawaru.
  4943 | D:5      | Found Azugamug's Antique Weapon Shoppe.
  5476 | D:5      | Bought a runed dagger for 62 gold pieces
  5479 | D:5      | Bought an iridescent falchion for 248 gold pieces
  5502 | D:6      | Reached skill level 1 in Fighting
  5605 | D:6      | Reached XP level 9. HP: 60/62 MP: 8/15
  6197 | D:6      | Found a hide-covered altar of Uskayaw.
  6465 | D:6      | Found a shimmering altar of Xom.
  6466 | D:6      | Found a bloodstained altar of Trog.
  6537 | D:5      | Bought a runed blowgun for 77 gold pieces
  6691 | D:7      | Reached skill level 10 in Stealth
  6748 | D:7      | Found a stormy altar of Qazlal.
  6759 | D:7      | Found a glowing golden altar of the Shining One.
  6759 | D:7      | Found a deep blue altar of Sif Muna.
  6769 | D:7      | Found a shadowy altar of Dithmenos.
  6822 | D:7      | Reached skill level 10 in Hexes
  7101 | D:7      | Found a staircase to the Ecumenical Temple.
  7357 | D:8      | Noticed Erica
  7385 | D:8      | Killed Erica
  7385 | D:8      | Reached XP level 10. HP: 71/71 MP: 5/16
  7657 | D:8      | Reached skill level 1 in Long Blades
  7793 | D:8      | Reached skill level 2 in Long Blades
  7989 | D:8      | Noticed Pikel
  7997 | D:8      | Killed Pikel
  7997 | D:8      | Reached skill level 4 in Long Blades
  8081 | D:8      | Found a shattered altar of Ashenzari.
  8264 | D:8      | Reached skill level 5 in Long Blades
  8648 | D:9      | Reached skill level 6 in Long Blades
  8836 | D:9      | Found an ancient bone altar of Kikubaaqudgha.
  8912 | D:9      | Reached skill level 7 in Long Blades
  9368 | D:9      | Reached XP level 11. HP: 77/77 MP: 12/17
  9475 | D:10     | Entered Level 10 of the Dungeon
  9513 | D:10     | Reached skill level 8 in Long Blades
  9653 | D:10     | Noticed Joseph
  9685 | D:10     | Killed Joseph
  9818 | D:10     | Noticed a tengu warrior
  9822 | D:10     | Killed a tengu warrior
  9822 | D:10     | Reached skill level 9 in Long Blades
  9838 | D:10     | Found Hunt's Antique Weapon Shop.
  9838 | D:10     | Noticed a hill giant
  9846 | D:10     | Killed a hill giant
  9954 | D:10     | Noticed a hill giant
  9958 | D:10     | Killed a hill giant
  9958 | D:10     | Reached skill level 10 in Long Blades
 10234 | D:10     | Noticed Josephine
 10626 | D:10     | Killed Josephine
 10626 | D:10     | Reached skill level 11 in Long Blades
 10721 | D:11     | Found a staircase to the Lair.
 10932 | D:11     | Noticed a hill giant
 10933 | D:11     | Found a staircase to the Orcish Mines.
 10936 | D:11     | Killed a hill giant
 10967 | D:11     | Reached skill level 12 in Long Blades
 11557 | Lair:1   | Entered Level 1 of the Lair of Beasts
 11603 | Lair:1   | Reached XP level 12. HP: 64/83 MP: 0/18
 11714 | Lair:1   | Bought a +2 pair of boots of stealth for 236 gold pieces
 11726 | Lair:1   | Bought the +3 leather armour of Creativity {rPois rCorr Str+2 Stlth+} for 448 gold pieces
 12380 | Orc:1    | Entered Level 1 of the Orcish Mines
 12426 | D:11     | Reached skill level 13 in Long Blades
 13335 | Orc:2    | Entered Level 2 of the Orcish Mines
 13416 | Orc:2    | Found Kollej's Magic Scroll Emporium.
 13416 | Orc:2    | Found a staircase to the Elven Halls.
 13471 | Orc:2    | Found a labyrinth entrance.
 13478 | Lab      | Entered a labyrinth
 14382 | Lab      | Noticed a minotaur
 14384 | Lab      | Killed a minotaur
 14385 | Lab      | Identified the Guide on the Helpful Traveller
 14797 | Orc:2    | Found Idocakhlo's General Store.
 14954 | Orc:2    | Reached skill level 14 in Long Blades
 15100 | Orc:2    | Found Rodghop's Distillery.
 15164 | Orc:2    | Slain by a hellwing

Vault maps used:
D:1:      lemuel_arrival_muddy, serial_curves, eino_curves_02, eino_curves_03
D:2:      marbit_many_paths, lemuel_crystal_altar,
          hangedman_abyss_or_decor_stabs, uniq_crazy_yiuf_cottage, uniq_terence,
          uniq_sigmund
D:3:      trog_eyes_of_draining, uniq_grinder
D:4:      minmay_goblin_kobold_castle, nicolae_overflow_crystal_walls,
          lemuel_coloured_pillars_altar, first_bread
D:5:      corexii_shack_village, basic_altar, serial_undead, serial_undead_d,
          serial_undead_f, serial_undead_a, serial_undead_b, serial_undead_e,
          serial_undead_b, serial_undead_a, serial_undead_e, serial_undead_b,
          serial_undead_a, serial_shops, shop, nicolae_shop_stone,
          nicolae_shop_crystal
D:6:      gammafunk_temple_overflow_statue, basic_altar, grunt_potential
D:7:      nicolae_overflow_quartered_altars, minivault_22
D:8:      kennysheep_little_box, uniq_erica, uniq_pikel
D:9:      lemuel_mausoleum_altar_kikubaaqudgha
D:10:     serial_shops, nicolae_shop_overgrown_old_shop, grunt_tengu_nest,
          uniq_josephine, uniq_joseph
D:11:     due_lair_maze_entry_diamond
Orc:1:    minmay_goldmine
Orc:2:    pf_orc_diabolical, lab_entry_generic, serial_shops,
          nicolae_shop_crystal

Skill      XL: |  1  2  3  4  5  6  7  8  9 10 11 12 |
---------------+-------------------------------------+-----
Stealth        | 5 6 7 8 12 | 12.0
Hexes          | 5 6 7 8 11 12 | 12.4
Dodging        | 3 5 7 |  7.5
Spellcasting   | 3 4 |  4.1
Shields        | 4 |  4.0
Fighting       | 2 4 |  4.5
Long Blades    | 7 12 14 | 14.0
Short Blades   | |  1.1

Action                   |  1- 3 |  4- 6 |  7- 9 | 10-12 || total
-------------------------+-------+-------+-------+-------++-------
Melee: Dagger            |    39 |   133 |   843 |   427 ||  1442
       Bite              |     2 |     4 |    85 |    82 ||   173
       Scimitar          |       |       |    16 |   288 ||   304
 Cast: Ensorcelled Hiber |     8 |    16 |    63 |    81 ||   168
       Confuse           |     2 |    11 |    27 |    88 ||   128
Invok: Call Merchant     |       |       |     1 |     1 ||     2
       Potion Petition   |       |       |       |     1 ||     1
 Abil: End Transformatio |       |       |       |     1 ||     1
       Bat Form          |       |       |       |     1 ||     1
Evoke: Wand              |       |       |       |     9 ||     9
  Use: Scroll            |       |       |     8 |    23 ||    31
       Potion            |       |       |       |     3 ||     3
 Stab: Sleeping          |    13 |    23 |    72 |   102 ||   210
       Confused          |     1 |     3 |    24 |    48 ||    76
       Distracted        |       |       |     6 |     5 ||    11
       Invisible         |       |       |       |     2 ||     2
Armor: Robe              |     8 |    41 |   118 |    31 ||   198
       Leather armour    |       |       |       |    48 ||    48
Dodge: Dodged            |    15 |    81 |   506 |   322 ||   924
Block: Buckler           |       |       |    68 |   121 ||   189
